 Dungeon Crawl Stone Soup version 0.27.1-33-g824d729ab1 (webtiles) character file.

Game seed: 13920321892353482570

429 jlumianski the Chopper (level 6, -3/38 HPs)
             Began as a Gargoyle Monk on Dec 17, 2021.
             Was a High Priest of Cheibriados.
             Slain by a killer bee (5 damage)
             ... on level 5 of the Dungeon.
             The game lasted 00:14:13 (3812 turns).

jlumianski the Chopper (Gargoyle Monk)              Turns: 3812, Time: 00:14:13

Health: -3/38      AC: 15    Str: 27    XL:     6   Next: 98%
Magic:  4/7        EV: 10    Int: 22    God:    Cheibriados [*****.]
Gold:   123        SH:  0    Dex: 23    Spells: 5/5 levels left

rFire    . . .     SeeInvis .   a - +0 hand axe (elec)
rCold    . . .     Faith    .   (no shield)
rNeg     + . .     Spirit   .   m - +0 chain mail
rPois    ∞         Reflect  .   (no helmet)
rElec    +         Harm     .   (no cloak)
rCorr    +         Rampage  .   j - +0 pair of gloves
Will     .....                  i - +0 pair of boots
Stlth    ..........             (no amulet)
HPRegen  0.12/turn              v - ring of resist corrosion
MPRegen  0.10/turn              (no ring)

@: very slow
A: sickness immunity, AC +4, negative energy resistance 1, electricity
resistance, torment resistance 1, petrification resistance
a: Renounce Religion, Bend Time, Temporal Distortion, Slouch, Step From Time


You were on level 5 of the Dungeon.
You worshipped Cheibriados.
Cheibriados was extremely pleased with you.
You visited 1 branch of the dungeon, and saw 5 of its levels.

You collected 162 gold pieces.
You spent 39 gold pieces at shops.

Inventory:

Hand Weapons
 a - a +0 hand axe of electrocution (weapon)
 c - a +3 hand axe
 h - a +3 dagger of venom
 o - a +0 short sword of protection
 r - a +0 war axe
Missiles
 d - 15 javelins (quivered)
 f - 179 stones
 q - 33 poisoned darts
 u - 23 bolts
Armour
 b - a +0 robe
 g - a +0 leather armour
 i - a +0 pair of boots (worn)
 j - a +0 pair of gloves (worn)
 m - a +0 chain mail (worn)
Magical Staves
 n - a staff of air
Jewellery
 v - a ring of resist corrosion (left hand)
Scrolls
 s - a scroll of teleportation
Potions
 e - a potion of might {unknown}
 l - a potion of degeneration {unknown}
 p - a potion of attraction {unknown}
 t - a potion of brilliance {unknown}
 w - a potion of resistance {unknown}


   Skills:
 + Level 4.3 Fighting
 + Level 4.4 Axes
 + Level 2.4 Armour
 + Level 3.1 Dodging
 + Level 3.9 Stealth
 * Level 2.5 Invocations


You had 5 spell levels left.
You didn't know any spells.
Your spell library was empty.

Dungeon Overview and Level Annotations

Branches:
Dungeon (5/15)
 Temple: D:4-7

Altars:
Ashenzari
Cheibriados
Dithmenos
Zin

Shops:
D:2 [!*[:


Innate Abilities, Weirdness & Mutations

You are immune to sickness and miasma.
Your stone body is resilient. (AC +4)
You are immune to poison.
You resist negative energy. (rN+)
You are resistant to electric shocks. (rElec)
You are resistant to unholy torment.
You are immune to petrification.


Message History

The killer bee barely misses you. The killer bee closely misses you.
The killer bee stings you but does no damage.
The killer bee completely misses you. The killer bee barely misses you.
The killer bee stings you but does no damage.
The killer bee closely misses you. The killer bee stings you.
The killer bee stings you. x2; The killer bee closely misses you.
The killer bee stings you.
The killer bee stings you but does no damage.
The killer bee stings you!
* * * LOW HITPOINT WARNING * * *
The killer bee completely misses you. The killer bee stings you.
* * * LOW HITPOINT WARNING * * *
The killer bee completely misses you. The killer bee misses you.
The killer bee stings you but does no damage.
The killer bee stings you.
* * * LOW HITPOINT WARNING * * *
The killer bee barely misses you.
The killer bee stings you but does no damage.
The killer bee barely misses you.
You feel better. The killer bee barely misses you. The killer bee stings you.
* * * LOW HITPOINT WARNING * * *
The killer bee barely misses you. The killer bee stings you.
* * * LOW HITPOINT WARNING * * *
The killer bee closely misses you.
The killer bee stings you but does no damage.
The flow of time bends around you.
Cheibriados rebukes the killer bee.
The killer bee seems to slow down.
The killer bee resists with some effort.
Cheibriados rebukes the killer bee.
The killer bee seems to slow down.
The killer bee closely misses you. x2
The killer bee stings you but does no damage.
The killer bee barely misses you. The killer bee stings you!
* * * LOW HITPOINT WARNING * * *
The killer bee completely misses you.
The killer bee stings you but does no damage.
The killer bee closely misses you. The killer bee stings you.
You die...

############
#..........#
#........<.#
#..........#
#..........#
#..........#
#..y@......#
########..yy......#
...........########
...........#
...........#
.......†...#
...........#
...........#
...........#


You could see 3 killer bees.

Vanquished Creatures
  An ogre (D:4)
  A killer bee (D:5)
  2 orc priests
  A bullfrog skeleton (D:3)
  An iguana (D:4)
  8 adders
  A gnoll (D:2)
  A shadow imp (D:4)
  A white imp (D:4)
  An adder skeleton (D:4)
  3 worms
  A dart slug (D:2)
  3 orcs
  8 endoplasms
  6 giant cockroaches
  15 goblins
  5 hobgoblins
  2 jackals (D:2)
  2 quokkas (D:2)
  11 ball pythons
  3 bats
  3 frilled lizards
  4 kobolds (D:2)
  5 rats
89 creatures vanquished.

Vanquished Creatures (others)
  2 fungi (D:1)
  8 plants
10 creatures vanquished.

Grand Total: 99 creatures vanquished

Notes
Turn   | Place    | Note
-------+----------+-------------------------------------------
     0 | D:1      | jlumianski the Gargoyle Monk began the quest for the Orb.
     0 | D:1      | Reached XP level 1. HP: 14/14 MP: 1/1
   262 | D:1      | Reached XP level 2. HP: 19/19 MP: 2/2
   494 | D:1      | Found a faded altar of an unknown god.
   811 | D:1      | Became a worshipper of Cheibriados the Contemplative
   811 | D:1      | Reached * piety under Cheibriados
   811 | D:1      | Reached ** piety under Cheibriados
   843 | D:2      | Found Loorum's Distillery.
   851 | D:2      | Reached *** piety under Cheibriados
   854 | D:2      | Bought a potion of curing for 39 gold pieces
   888 | D:2      | Reached XP level 3. HP: 23/23 MP: 3/3
   930 | D:2      | Found Huxos's Book Emporium.
   931 | D:2      | Found Soh Lably's Antique Armour Shoppe.
   981 | D:2      | Found Egail's Assorted Antiques.
  1006 | D:2      | Found Hyenuf's Antique Armour Boutique.
  1181 | D:2      | Reached XP level 4. HP: 26/29 MP: 4/4
  1444 | D:2      | Reached skill level 1 in Armour
  1493 | D:2      | Reached **** piety under Cheibriados
  1594 | D:2      | Reached skill level 1 in Invocations
  1714 | D:2      | Reached XP level 5. HP: 30/33 MP: 5/5
  2032 | D:3      | Found a broken altar of Ashenzari.
  2804 | D:4      | Reached XP level 6. HP: 38/38 MP: 7/7
  3093 | D:5      | Entered Level 5 of the Dungeon
  3115 | D:4      | Found a shadowy altar of Dithmenos.
  3192 | D:4      | Reached ***** piety under Cheibriados
  3654 | D:4      | Found a glowing silver altar of Zin.
  3812 | D:5      | Slain by a killer bee

Illustrated notes

Levels and vault maps discovered:
D:1:      lemuel_arrival_behind_the_door_large, layout_basic,
          shapermc_ecumenical_altar_petra, minmay_misc_feat_hallway
D:2:      minmay_razor_zed, layout_rooms, serial_shops,
          nicolae_shop_overgrown_old_shop, shop, nicolae_shop_stone,
          nicolae_shop_stone, shop, minmay_pentomino_r4
D:3:      layout_basic, cheibrodos_ashenzari_chains, minmay_misc_feat_x,
          minmay_door_square
D:4:      layout_loops_ring, grunt_dithmenos_smoke, zin_scriptorium,
          serial_glass, glass_columns_a, glass_columns_c, glass_columns_a,
          glass_columns_a, glass_columns_a, glass_columns_a, saegor_snake_ambush
D:5:      layout_gridville, lemuel_tele_altar,
          nemelex_xobeh_ov_fountains_minmay, kennysheep_big_empty_room

Skill      XL: |  1  2  3  4  5  6 |
---------------+-------------------+-----
Axes           | 3 4 |  4.4
Stealth        | 3 |  3.9
Armour         | 1 2 |  2.4
Invocations    | 1 2 |  2.5
Fighting       | 4 |  4.3
Dodging        | 3 |  3.1

Action                   |  1- 3 |  4- 6 || total
-------------------------+-------+-------++-------
Melee: Hand axe          |    81 |   151 ||   232
Invok: Bend Time         |       |     3 ||     3
  Use: Scroll            |     1 |     6 ||     7
       Potion            |       |     1 ||     1
 Stab: Sleeping          |     7 |     5 ||    12
       Distracted        |     1 |       ||     1
Armor: Robe              |     6 |       ||     6
       Leather armour    |    24 |    39 ||    63
       Chain mail        |       |    42 ||    42
Dodge: Dodged            |    50 |   146 ||   196
